 Dungeon Crawl Stone Soup version 0.30-b1-2-g02819fbbbe (webtiles) character file.

Game seed: 1263062639653682661

952 Hatch3r the Chopper (level 7, 0/64 HPs)
             Began as a Minotaur Berserker on July 14, 2023.
             Was a Priest of Trog.
             Slain by an iguana (6 damage)
             ... on level 5 of the Dungeon.
             The game lasted 00:17:16 (4546 turns).

Hatch3r the Chopper (Minotaur Berserker)            Turns: 4546, Time: 00:17:16

Health: 0/64       AC:  6    Str: 23    XL:     7   Next: 90%
Magic:  6/6        EV: 11    Int:  4    God:    Trog [***...]
Gold:   207        SH:  3    Dex: 10    Spells: 6/6 levels left

rFire   . . .        a - +0 hand axe
rCold   . . .        g - +0 buckler
rNeg    . . .        f - +0 ring mail
rPois   .            (helmet restricted)
rElec   .            (no cloak)
rCorr   .            (no gloves)
SInv    .            (no boots)
Will    .....        (no amulet) Stlth
                     (no ring)
HPRegen 0.30/turn    (no ring)
MPRegen 0.10/turn

%: no passive effects
@: studying Unarmed Combat
A: horns 2, retaliatory headbutt
a: Renounce Religion, Berserk, Trog's Hand


You were on level 5 of the Dungeon.
You worshipped Trog.
Trog was most pleased with you.
You visited 2 branches of the dungeon, and saw 6 of its levels.

You collected 207 gold pieces.

Inventory:

Hand Weapons
 a - a +0 hand axe (weapon)
 e - a +0 war axe
Armour
 f - a +0 ring mail (worn)
 g - a +0 buckler (worn)
Jewellery
 p - an amulet of faith
Wands
 k - a wand of mindburst (9)
Scrolls
 b - a scroll of poison
 i - a scroll of teleportation {unknown}
 l - a scroll of acquirement {unknown}
 m - 2 scrolls of summoning
 o - a scroll of enchant weapon {unknown}
 r - a scroll of magic mapping {unknown}
Potions
 c - a potion of resistance {unknown}
 d - a potion of mutation {unknown}
 j - 4 potions of curing
 n - 2 potions of haste {unknown}
 q - a potion of lignification {unknown}


   Skills:
 + Level 6.5 Fighting
 * Level 7.0 Axes
 + Level 4.9 Armour
 + Level 4.3 Dodging
 + Level 3.1 Unarmed Combat
 + Level 1.9 Evocations


You had 6 spell levels left.
You didn't know any spells.
Your spell library contained the following spells:

 Spells                   Type           Power      Damage    Failure   Level
 Slow                     Hex            0%         N/A       73%         1
 Confusing Touch          Hex            0%         N/A       97%         3
 Vampiric Draining        Necr           0%         2d6       97%         3
 Animate Dead             Necr           0%         N/A       100%        4
 Haunt                    Necr/Summ      0%         N/A       100%        7
 Infestation              Necr           0%         N/A       100%        8


Dungeon Overview and Level Annotations

Branches:
Dungeon (5/15)             Temple (1/1) D:4

Altars:
Ashenzari
Elyvilon
Gozag
Hepliaklqana
Kikubaaqudgha
Makhleb
Okawaru
Qazlal
Trog
Uskayaw
Vehumet
Wu Jian
Xom
Yredelemnul
Zin
The Shining One


Innate Abilities, Weirdness & Mutations

You have a pair of horns on your head.
You reflexively headbutt those who attack you in melee.


Message History

An adder comes into view.
You barely miss the iguana.
The adder hisses angrily.
You hear a bark!
The iguana barely misses you. You furiously retaliate!
You headbutt the iguana! You closely miss the iguana.
Your headbutt misses the iguana.
The iguana is almost dead.
The iguana bites you.
You slash the iguana!
You kill the iguana!
Trog accepts your kill. The adder misses you. You furiously retaliate!
You headbutt the adder. You slash the adder!
You kill the adder!
Trog accepts your kill.
You hit the iguana but do no damage. Your headbutt misses the iguana.
The iguana misses you.
You hit the iguana.
The iguana is lightly wounded.
The iguana bites you but does no damage.
You hit the iguana but do no damage.
The iguana is lightly wounded.
The iguana barely misses you.
You barely miss the iguana.
The iguana is lightly wounded.
The iguana bites you!
* * * LOW HITPOINT WARNING * * *
You barely miss the iguana.
The iguana is lightly wounded.
The iguana bites you!
* * * LOW HITPOINT WARNING * * *
Unknown command.
You hit the iguana.
The iguana is heavily wounded.
A hound comes into view.
The iguana closely misses you.
The hound barks!
You hit the iguana.
The iguana is heavily wounded.
The iguana bites you.
You die...

############
######..........####
..............#.##.##
####.....####...#...# .
##...##..#...#...# .
##.##...#...##..# .
#@#...##..###'###.
+#l#'.##....'......
..###hJ.###.....#......
.......8.........##.....
...###...###....###.....
. #.'#.#'.##.... #..##.
#...#.#..h##... #..###
#...##.##...#... #...#.
#).# ... #.$#...##...#.


You could see an iguana, a hound and a jelly.

Vanquished Creatures
  Grinder (D:5)
  An orc warrior (D:5)
  2 ice beasts (D:5)
  A scorpion (D:4)
  A jelly (D:5)
  3 hounds
  4 iguanas
  An orc wizard (D:3)
  A sleepcap (D:5)
  6 adders
  An ufetubus (D:4)
  4 worms
  5 dart slugs
  6 orcs
  4 bats
  6 endoplasms
  2 giant cockroaches
  9 goblins
  7 hobgoblins
  4 quokkas
  7 ball pythons
  A frilled lizard (D:1)
  7 kobolds
  2 rats
86 creatures vanquished.

Notes
Turn   | Place    | Note
-------+----------+-------------------------------------------
     0 | D:1      | Hatch3r the Minotaur Berserker began the quest for the Orb.
     0 | D:1      | Reached XP level 1. HP: 19/19 MP: 0/0
   287 | D:1      | Reached XP level 2. HP: 27/27 MP: 1/1
   369 | D:1      | Reached skill level 4 in Axes
  1131 | D:2      | Reached XP level 3. HP: 32/33 MP: 2/2
  1304 | D:2      | Found a radiant altar of Vehumet.
  1306 | D:2      | Reached ** piety under Trog
  1749 | D:2      | Reached XP level 4. HP: 41/41 MP: 3/3
  2205 | D:3      | Found a hide-covered altar of Uskayaw.
  2275 | D:3      | HP: 2/41 [something/puff of flame (7)]
  2684 | D:3      | Reached skill level 5 in Fighting
  3032 | D:4      | Reached XP level 5. HP: 47/48 MP: 4/4
  3056 | D:4      | Reached skill level 5 in Axes
  3203 | D:4      | Reached *** piety under Trog
  3615 | D:4      | Found a staircase to the Ecumenical Temple.
  3831 | D:4      | Reached XP level 6. HP: 52/57 MP: 5/5
  4115 | Temple   | Entered the Ecumenical Temple
  4357 | D:5      | Entered Level 5 of the Dungeon
  4428 | D:5      | Noticed an ice beast
  4428 | D:5      | Noticed Grinder
  4431 | D:5      | Killed an ice beast
  4432 | D:5      | Reached skill level 6 in Axes
  4435 | D:5      | Killed Grinder
  4436 | D:5      | Reached skill level 1 in Unarmed Combat
  4436 | D:5      | Reached skill level 1 in Evocations
  4436 | D:5      | Reached XP level 7. HP: 63/63 MP: 6/6
  4535 | D:5      | Reached skill level 7 in Axes
  4546 | D:5      | Slain by an iguana

Illustrated notes

Levels and vault maps discovered:
D:1:      giann_wishing_wells, layout_loops_corners
D:2:      layout_basic, basic_altar, serial_co_window_serial, co_window_paths_b,
          co_window_corner_a, co_window_paths_a, co_window_corner_a,
          co_window_paths_a, co_window_broadway_a, co_window_broadway_b,
          co_window_broadway_c, co_window_2corner, co_window_2corner,
          glass_columns_c, glass_columns_c, minmay_3d_cube
D:3:      layout_basic, nicolae_uskayaw_murder_on_the_dancefloor
D:4:      layout_loops_corners, minmay_temple_entry_glass, minmay_manual_mail
D:5:      cheibrodos_barr_body, layout_gridville, grunt_temple_overflow_open,
          uniq_grinder
Temple:   eino_narrow_crystal_temple

Skill      XL: |  1  2  3  4  5  6  7 |
---------------+----------------------+-----
Axes           | 4 5 6 7 |  7.0
Fighting       | 4 5 6 |  6.5
Armour         | 3 4 |  4.9
Dodging        | 3 4 |  4.3
Unarmed Combat | 1 3 |  3.1
Evocations     | 1 |  1.9

Action                     |  1- 3 |  4- 6 |  7- 9 || total
---------------------------+-------+-------+-------++-------
  Melee: Hand axe          |    81 |   143 |    49 ||   273
         Headbutt          |     6 |    20 |    12 ||    38
 Invoke: Berserk           |       |     1 |       ||     1
  Evoke: Wand              |       |       |     1 ||     1
    Use: Scroll            |     2 |     2 |     2 ||     6
 Armour: Leather armour    |     6 |       |       ||     6
         Ring mail         |    25 |    30 |     8 ||    63
  Dodge: Dodged            |    40 |    63 |    17 ||   120
  Block: Buckler           |     3 |    12 |     2 ||    17
